Map: Arctic Dream LE

Players

Massa

  • Race: Terran Terran
  • League: Platinum
  • Spawn Location: 12:00

qqq

  • Race: Zerg Zerg
  • Spawn Location: 11:00

WhitePuma - Winner!

  • Race: Protoss Protoss
  • Spawn Location: 5:00

Hoburgen - Winner!

  • Race: Protoss Protoss
  • League: Diamond
  • Spawn Location: 6:00

VOD

Have the link to the VOD?

Description

Time

  • Played on: Feb. 14, 2021, 7:35 a.m.
  • Length: 11:30
Show
View Real Time Build Order
Export as new Build Order

Massa Terran 

Build Orders:  

Get SALT Encoding   

  12  0:00  SCV  
  13  0:12  SCV  
  14  0:17  Supply Depot  
  14  0:25  SCV  
  15  0:38  SCV  
  15  0:40  Barracks  
  16  0:45  Refinery  
  16  0:50  SCV  
  17  1:03  SCV  
  18  1:15  SCV  
  19  1:24  Refinery  
  19  1:27  SCV, Barracks Tech Lab  
  19  1:29  Supply Depot  
  20  1:40  Orbital Command  
  20  1:47  Ghost Academy  
  20  1:51  Marine  
  21  2:05  SCV  
  22  2:20  Ghost  
  23  2:37  Command Center  
  23  2:39  Enhanced Shockwaves  
  23  2:45  SCV  
  24  2:58  Ghost  
  24  3:00  SCV  
  27  3:12  SCV  
  28  3:19  Supply Depot  
  28  3:22  Supply Depot  
  28  3:24  SCV, Engineering Bay  
  29  3:30  Ghost  
  31  3:40  SCV  
  32  3:48  Factory  
  32  4:07  Personal Cloaking  
  32  4:13  Orbital Command  
  32  4:15  SCV  
  33  4:21  Refinery  
  33  4:27  SCV  
  30  4:45  Ghost  
  30  4:50  SCV x2  
  30  4:51  Factory Tech Lab  
  32  4:56  Starport  
  32  5:02  SCV  
  32  5:03  SCV  
  32  5:04  Refinery  
  34  5:08  Barracks  
  34  5:14  SCV, Siege Tank  
  34  5:15  SCV  
  34  5:16  Barracks  
  34  5:18  Missile Turret  
  39  5:22  Missile Turret  
  39  5:26  SCV  
  40  5:36  Ghost  
  42  5:56  Barracks Tech Lab  
  42  5:58  Medivac  
  44  6:04  Ghost  
  44  6:10  SCV x2  
  48  6:13  Command Center  
  48  6:19  Nuke  
  48  6:23  Widow Mine, SCV x2  
  52  6:25  Barracks Reactor  
  52  6:35  SCV x2  
  54  6:40  Missile Turret  
  54  6:44  Siege Tank  
  57  6:54  Starport  
  57  6:58  Starport Reactor  
  57  7:00  Starport  
  56  7:01  Starport  
  54  7:42  Ghost x2  
  54  7:43  Marine x2  
  57  8:01  Marine  
  56  8:10  Ghost  
  58  8:17  SCV x2  
  60  8:27  Viking x2  
  60  8:29  SCV, Starport Tech Lab  
  60  8:30  SCV  
  60  8:31  Starport Tech Lab  
  60  8:32  Viking  
  68  8:36  Terran Infantry Weapons Level 1  
  68  8:41  SCV  
  68  8:42  SCV  
  68  8:44  Refinery  
  71  8:48  Refinery  
  71  8:49  Orbital Command  
  71  8:54  SCV x2  
  72  8:56  Missile Turret  
  72  8:57  Viking x2  
  72  9:01  Stimpack  
  76  9:06  SCV  
  77  9:11  Supply Depot x2  
  77  9:12  Supply Depot  
  77  9:14  Supply Depot  
  77  9:32  SCV x2, Viking x3  
  77  9:33  SCV, Viking x2  
  77  9:35  Supply Depot  
  77  9:36  Supply Depot x2  
  90  9:39  Supply Depot  
  90  9:44  SCV x2  
  92  9:52  Command Center  
  90  10:00  SCV x3, Supply Depot  
  90  10:02  Viking  
  90  10:04  Viking x2  
  90  10:05  Ghost x2  
  90  10:06  Marine  
  104  10:07  Marine  
  104  10:12  SCV x3  
  108  10:24  Marine, Siege Tank  
  108  10:25  Marine  
  113  10:34  Ghost x2  
  117  10:39  SCV x3  
  117  10:41  Concussive Shells  
  117  10:42  Marine  
  120  10:51  SCV  
  120  10:54  Command Center  
  120  10:56  Siege Tank  
Show
View Real Time Build Order
Export as new Build Order

qqq Zerg 

Build Orders: Hatch First 

Get SALT Encoding   

  12  0:04  Drone  
  13  0:08  Drone  
  14  0:21  Overlord  
  14  0:44  Hatchery  
  14  0:47  Drone  
  14  0:51  Drone  
  14  0:55  Drone  
  16  1:03  Drone  
  17  1:22  Spawning Pool  
  17  1:23  Extractor  
  15  1:29  Drone  
  15  1:30  Drone  
  17  1:44  Drone x2  
  19  2:00  Drone  
  20  2:04  Drone  
  21  2:10  Drone x2  
  21  2:11  Queen  
  25  2:19  Queen  
  27  2:26  Metabolic Boost  
  27  2:32  Overlord  
  27  2:35  Drone  
  28  2:41  Overlord  
  28  2:55  Drone x3  
  30  3:00  Zergling x6  
  33  3:13  Zergling x2  
  33  3:14  Zergling x2  
  33  3:18  Zergling x2  
  36  3:22  Zergling x2  
  37  3:29  Zergling x4  
  37  3:30  Zergling x2  
  37  3:31  Zergling x2, Overlord  
  37  3:32  Zergling x2  
  42  3:45  Overlord  
  42  3:49  Hatchery  
  42  3:53  Zergling x2  
  42  3:54  Zergling x2  
  42  3:55  Zergling x4  
  45  4:01  Overlord  
  45  4:02  Zergling x2  
  46  4:04  Zergling x2  
  46  4:06  Drone  
  48  4:16  Lair  
  48  4:23  Spore Crawler  
  47  4:25  Spore Crawler  
  45  4:42  Zergling x12  
  45  4:43  Drone x2  
  45  4:44  Drone, Zergling x2  
  49  4:58  Zergling x2  
  49  4:59  Zergling x4  
  51  5:00  Zergling x2  
  50  5:11  Zergling x2  
  50  5:12  Zergling x8  
  50  5:13  Zergling x2  
  53  5:20  Zergling x2  
  49  5:28  Hydralisk Den  
  49  5:32  Zergling x2  
  49  5:33  Zergling x6  
  47  5:40  Drone x2  
  47  5:41  Queen  
  49  5:48  Drone x2  
  51  5:51  Drone x2  
  51  5:52  Extractor  
  51  5:56  Drone x4  
  56  5:58  Drone x2  
  56  6:02  Muscular Augments  
  56  6:03  Drone  
  59  6:07  Drone  
  59  6:08  Drone  
  59  6:09  Drone  
  62  6:17  Evolution Chamber  
  61  6:19  Evolution Chamber  
  61  6:21  Drone  
  61  6:22  Drone  
  61  6:25  Drone x2, Overlord  
  64  6:28  Drone x2  
  64  6:32  Hydralisk  
  68  6:37  Drone x3  
  68  6:39  Hydralisk  
  71  6:44  Extractor, Drone x2  
  71  6:45  Extractor  
  71  6:47  Hydralisk  
  73  6:51  Zerg Missile Weapons Level 1  
  75  6:55  Zerg Ground Armor Level 1  
  75  6:59  Hydralisk x2  
  79  7:04  Spore Crawler  
  79  7:06  Hydralisk  
  80  7:09  Drone x2  
  79  7:17  Hydralisk  
  79  7:22  Hydralisk  
  56  7:33  Hydralisk  
  56  7:34  Zergling x2  
  56  7:35  Zergling x2  
  56  7:42  Drone, Hydralisk  
  54  7:46  Hydralisk  
  54  7:50  Zergling x8  
  43  8:00  Hydralisk  
  45  8:09  Hydralisk  
  46  8:14  Drone x2  
  48  8:22  Hydralisk  
  48  8:23  Hydralisk  
  48  8:25  Drone  
  53  8:34  Drone  
  53  8:35  Hatchery, Hydralisk  
  55  8:45  Drone  
  55  8:46  Hydralisk  
  57  8:58  Drone x3  
  57  8:59  Drone  
  57  9:00  Hydralisk x2  
  65  9:09  Hydralisk  
  65  9:10  Overlord  
  65  9:12  Drone  
  68  9:21  Drone  
  68  9:22  Hydralisk  
  71  9:28  Drone x3  
  74  9:36  Drone  
  75  9:52  Hydralisk x2  
  75  9:58  Extractor x2  
  77  10:00  Drone  
  77  10:02  Drone  
  77  10:04  Hatchery  
  78  10:07  Hydralisk  
  78  10:11  Hydralisk  
  82  10:17  Drone  
  82  10:18  Hydralisk  
  85  10:23  Queen  
  85  10:27  Drone  
  88  10:33  Drone  
  88  10:34  Overlord  
  89  10:36  Overlord  
  89  10:53  Overlord x3  
  89  10:54  Overlord  
  77  11:18  Drone  
Show
View Real Time Build Order
Export as new Build Order

WhitePuma Protoss - Winner!

Build Orders: 1 Gate Expand, Oracle Opening 

Get SALT Encoding   

  12  0:00  Probe  
  13  0:12  Probe  
  14  0:18  Pylon  
  14  0:24  Probe  
  15  0:37  Probe (Chrono Boost)  
  15  0:39  Gateway  
  16  0:46  Probe (Chrono Boost)  
  17  0:51  Assimilator  
  17  0:55  Probe  
  18  1:07  Probe  
  19  1:19  Probe  
  20  1:28  Nexus  
  20  1:40  Cybernetics Core  
  20  1:43  Probe  
  21  1:49  Assimilator  
  21  1:55  Probe  
  21  2:07  Probe  
  22  2:08  Pylon  
  22  2:19  Probe, Stargate  
  23  2:24  Adept (Chrono Boost)  
  25  2:33  Probe  
  26  2:45  Probe, Warp Gate  
  26  2:46  Probe  
  28  2:57  Probe  
  29  3:00  Probe, Adept  
  32  3:06  Oracle (Chrono Boost)  
  32  3:12  Probe x2 (Chrono Boost)  
  37  3:24  Probe (Chrono Boost)  
  37  3:25  Pylon  
  37  3:26  Probe (Chrono Boost)  
  39  3:29  Probe (Chrono Boost)  
  39  3:34  Probe  
  41  3:37  Oracle  
  41  3:39  Probe  
  45  3:44  Pylon  
  45  3:46  Probe  
  46  3:58  Probe x2  
  48  4:04  Assimilator  
  48  4:05  Assimilator  
  48  4:10  Probe  
  48  4:11  Probe  
  48  4:13  Gateway x2  
  50  4:22  Probe  
  50  4:23  Probe, Twilight Council  
  52  4:27  Pylon  
  52  4:34  Probe, Oracle (Chrono Boost)  
  52  4:35  Probe  
  57  4:41  Sentry  
  57  4:43  Shield Battery  
  57  4:51  Shield Battery  
  55  4:55  Shield Battery  
  52  5:02  Probe  
  52  5:05  Adept  
  51  5:15  Adept x2  
  55  5:23  Probe x2  
  57  5:33  Adept  
  57  5:35  Probe  
  60  5:37  Probe  
  60  5:41  Resonating Glaives (Chrono Boost)  
  61  5:52  Oracle (Chrono Boost)  
  61  5:56  Probe  
  65  5:59  Pylon  
  65  6:01  Pylon  
  65  6:02  Adept  
  65  6:03  Pylon, Adept  
  69  6:07  Gateway  
  69  6:08  Gateway  
  69  6:25  Adept x3  
  75  6:36  Gateway  
  75  6:38  Gateway  
  75  6:48  Nexus  
  75  6:49  Pylon  
  75  6:50  Oracle (Chrono Boost)  
  76  7:27  Oracle (Chrono Boost)  
  72  7:44  Adept  
  72  7:45  Adept x4  
  72  7:59  Forge  
  72  8:00  Forge  
  72  8:02  Oracle (Chrono Boost)  
  72  8:04  Gateway  
  75  8:06  Adept x3  
  75  8:07  Adept x3  
  75  8:08  Gateway  
  75  8:09  Probe x2, Gateway  
  75  8:10  Probe, Gateway  
  90  8:14  Assimilator  
  90  8:15  Pylon  
  90  8:16  Assimilator  
  90  8:18  Pylon  
  90  8:20  Templar Archives  
  90  8:21  Probe (Chrono Boost)  
  90  8:25  Probe (Chrono Boost)  
  90  8:26  Probe (Chrono Boost)  
  93  8:32  Oracle  
  93  8:33  Probe (Chrono Boost)  
  97  8:36  Probe x2 (Chrono Boost)  
  97  8:38  Probe (Chrono Boost)  
  100  8:41  Probe  
  100  8:42  Probe  
  100  8:46  Pylon  
  100  8:47  Pylon  
  102  8:49  Pylon  
  102  8:56  Shield Battery  
  102  8:58  Shield Battery  
  102  9:00  Shield Battery  
  102  9:11  High Templar  
  102  9:12  High Templar x3  
  102  9:13  High Templar x2  
  102  9:17  Protoss Ground Weapons Level 1 (Chrono Boost), Archon x3, Protoss Ground Armor Level 1 (Chrono Boost)  
  114  9:20  Zealot x4  
  122  9:24  Charge  
  122  9:28  Probe  
  122  9:29  Probe x2  
  125  9:49  Zealot  
  125  9:50  Zealot x6  
  139  10:08  High Templar x3  
  145  10:22  Photon Cannon  
  145  10:27  Photon Cannon  
  141  11:09  Nexus  
  133  11:11  Pylon  
  133  11:13  Pylon  
Show
View Real Time Build Order
Export as new Build Order

Hoburgen Protoss - Winner!

Build Orders: 1 Gate Expand 

Get SALT Encoding   

  12  0:01  Probe  
  13  0:13  Probe  
  14  0:21  Pylon  
  14  0:34  Probe  
  15  0:43  Gateway  
  15  0:46  Probe (Chrono Boost)  
  15  0:47  Assimilator  
  17  0:58  Probe (Chrono Boost)  
  17  1:03  Probe (Chrono Boost)  
  18  1:13  Probe (Chrono Boost)  
  19  1:27  Probe (Chrono Boost)  
  20  1:38  Nexus  
  20  1:49  Probe  
  20  1:54  Pylon  
  21  2:02  Cybernetics Core  
  21  2:10  Probe  
  22  2:23  Probe  
  22  2:26  Gateway  
  22  2:27  Assimilator  
  23  2:35  Probe  
  24  2:38  Stalker  
  26  2:47  Probe  
  26  2:49  Warp Gate  
  26  2:52  Robotics Facility  
  26  2:57  Probe  
  27  2:59  Probe  
  28  3:05  Shield Battery  
  28  3:09  Probe (Chrono Boost)  
  30  3:14  Probe (Chrono Boost), Stalker  
  32  3:21  Probe (Chrono Boost)  
  32  3:25  Pylon  
  34  3:30  Probe (Chrono Boost)  
  34  3:37  Probe (Chrono Boost)  
  34  3:38  Twilight Council  
  34  3:40  Observer (Chrono Boost)  
  36  3:47  Probe (Chrono Boost)  
  38  3:49  Probe (Chrono Boost)  
  38  3:54  Probe  
  39  3:59  Probe  
  39  4:00  Stalker, Forge  
  42  4:06  Probe (Chrono Boost)  
  43  4:10  Assimilator x2  
  43  4:16  Probe (Chrono Boost)  
  44  4:17  Blink  
  44  4:20  Probe (Chrono Boost)  
  45  4:42  Zealot, Robotics Bay  
  45  4:43  Zealot  
  49  4:56  Probe  
  50  5:11  Zealot  
  50  5:12  Zealot  
  54  5:28  Pylon  
  54  5:30  Photon Cannon  
  54  5:43  Robotics Bay  
  54  5:46  Probe x2  
  56  5:54  Nexus  
  56  5:55  Zealot x2  
  56  5:57  Pylon  
  60  5:58  Probe  
  61  6:08  Probe  
  61  6:10  Pylon  
  62  6:15  Probe  
  62  6:16  Protoss Ground Weapons Level 1 (Chrono Boost), Gateway  
  62  6:17  Colossus (Chrono Boost), Gateway  
  63  6:18  Extended Thermal Lance  
  69  6:28  Shield Battery  
  69  6:29  Gateway, Shield Battery  
  69  6:32  Photon Cannon  
  69  6:34  Stalker  
  69  6:35  Stalker  
  73  6:43  Probe  
  73  6:44  Probe  
  75  6:59  Probe  
  76  7:02  Colossus (Chrono Boost)  
  76  7:03  Pylon  
  76  7:05  Pylon  
  76  7:07  Gateway  
  82  7:12  Gateway  
  71  8:01  Colossus  
  71  8:16  Probe x3  
  71  8:18  Assimilator, Protoss Ground Armor Level 1 (Chrono Boost)  
  71  8:19  Stalker x3  
  80  8:20  Assimilator, Stalker x4  
  80  8:25  Charge (Chrono Boost)  
  88  8:28  Probe x2  
  88  8:34  Gateway  
  90  8:35  Probe, Gateway  
  90  8:36  Pylon  
  90  8:39  Pylon  
  90  8:40  Probe x2  
  93  8:47  Probe  
  94  8:52  Probe x2  
  94  8:54  Immortal (Chrono Boost)  
  100  9:04  Robotics Facility  
  100  9:05  Pylon  
  100  9:11  Stalker x5  
  100  9:12  Stalker x2  
  114  9:17  Forge  
  114  9:20  Shield Battery  
  114  9:21  Probe  
  115  9:35  Probe x2  
  115  9:38  Disruptor (Chrono Boost)  
  117  9:42  Nexus  
  117  9:44  Probe  
  121  9:46  Pylon  
  121  9:47  Gateway  
  121  9:50  Gateway  
  121  9:51  Pylon  
  121  9:52  Gateway  
  121  9:58  Gateway  
  121  10:10  Photon Cannon  
  121  10:14  Photon Cannon  
  121  10:17  Stalker  
  121  10:18  Stalker x4  
  121  10:20  Stalker  
  133  10:26  Probe x2  
  135  10:36  Gateway  
  135  10:38  Photon Cannon x2  
  135  10:42  Photon Cannon  
  135  10:50  Warp Prism  
Tags
 
Add a new tag
Caveats
  • Supply blocks, unpowered buildings, or Contaminate may cause inaccurate times.
  • Supply counts are checked every 10 seconds.